 Dungeon Crawl Stone Soup version 0.26.1-2-gb8aa6d0cf2 (webtiles) character file.

Game seed: 5845660353090334889

145 infcreate the Skirmisher (level 5, 33/33 HPs)
             Began as a Gargoyle Fighter on Mar 28, 2021.
             Quit the game on level 3 of the Dungeon.
             The game lasted 00:09:12 (1593 turns).

infcreate the Skirmisher (Gargoyle Fighter)         Turns: 1593, Time: 00:09:13

Health: 33/33      AC: 15    Str: 21    XL:     5   Next: 27%
Magic:  5/5        EV:  8    Int:  8    God:
Gold:   165        SH:  9    Dex:  9    Spells: 4/4 levels left

rFire    . . .     SeeInvis .   a - +0 flail
rCold    + + .     Faith    .   c - +0 kite shield
rNeg     + . .     Spirit   .   q - +2 ring mail {rC+}
rPois    ∞         Reflect  .   n - +0 helmet
rElec    +         Harm     .   (no cloak)
rCorr    .         Rampage  .   o - +1 pair of gloves
Will     .....                  (no boots)
Stlth    ..........             (no amulet)
HPRegen  0.11/turn              f - ring of protection from cold
MPRegen  0.09/turn              (no ring)

@: no status effects
A: negative energy resistance 1, electricity resistance, unbreathing,
petrification resistance, miasma immunity, AC +4
a: no special abilities


You were on level 3 of the Dungeon.
You visited 1 branch of the dungeon, and saw 3 of its levels.

You collected 165 gold pieces.

Inventory:

Hand Weapons
 a - a +0 flail (weapon)
Armour
 c - a +0 kite shield (worn)
 n - a +0 helmet (worn)
 o - a +1 pair of gloves (worn)
 q - a +2 ring mail of cold resistance (worn)
Jewellery
 b - an uncursed ring of positive energy {unknown}
 f - a ring of protection from cold (left hand)
Scrolls
 e - 7 scrolls of identify
 g - a scroll of immolation {unknown}
 i - 2 scrolls of enchant armour {unknown}
 k - a scroll of remove curse {unknown}
 l - a scroll of amnesia {unknown}
Potions
 d - 2 potions of might
 h - a potion of heal wounds
 j - a potion of cancellation {unknown}
 m - 3 potions of curing {unknown}
 p - a potion of lignification {unknown}


   Skills:
 + Level 4.2 Fighting
 * Level 3.4 Maces & Flails
 + Level 4.1 Armour
 + Level 4.1 Shields


You had 4 spell levels left.
You didn't know any spells.
Your spell library was empty.

Dungeon Overview and Level Annotations

Branches:
Dungeon (3/15)

Altars:


Innate Abilities, Weirdness & Mutations

You are resistant to torment.
Your stone body is resilient. (AC +4)
You are immune to poison.
You resist negative energy. (rN+)
You are resistant to electric shocks. (rElec)
You can survive without breathing.
You are immune to petrification.
You are immune to miasma.


Message History

The bat hits you but does no damage.
You see here 16 gold pieces.
Your shield prevents you from hitting the bat.
You block the bat's attack.
You closely miss the bat. The bat barely misses you.
You block the bat's attack. You block the bat's attack.
You closely miss the bat. The bat hits you but does no damage.
You block the bat's attack.
You see here 27 arrows.
The bat hits you but does no damage.
You hit the bat.
The bat is heavily wounded.
The bat barely misses you. You block the bat's attack.
You hit the bat.
You kill the bat!
No target in view!
No target in view!
You now have 165 gold pieces (gained 16).
Are you sure you want to abandon this character and quit the game? (Confirm with "yes".)

.
#.........#...........#.#
...##.###...#..........#.#
.## #.# #.........[...#.#
#. ##...........#.#
###..........#.#
.............#.#
#..........#†#
#............#
#..@.(.>.....#
.................#
##################


There were no monsters in sight!

Vanquished Creatures
  7 adders
  A worm (D:2)
  2 dart slugs
  A leopard gecko (D:3)
  7 orcs (D:3)
  8 bats
  3 giant cockroaches
  5 goblins
  9 hobgoblins
  11 jackals
  A quokka (D:2)
  4 kobolds
  4 rats
63 creatures vanquished.

Notes
Turn   | Place    | Note
-------+----------+-------------------------------------------
     0 | D:1      | infcreate the Gargoyle Fighter began the quest for the Orb.
     0 | D:1      | Reached XP level 1. HP: 14/14 MP: 1/1
   315 | D:1      | Reached XP level 2. HP: 17/19 MP: 2/2
   686 | D:1      | Reached XP level 3. HP: 24/24 MP: 3/3
  1161 | D:2      | Reached XP level 4. HP: 29/29 MP: 4/4
  1453 | D:3      | Reached XP level 5. HP: 28/33 MP: 5/5
  1593 | D:3      | Quit the game

Illustrated notes

Levels and vault maps discovered:
D:1:      ncdulo_lavacross, layout_loops_ring
D:2:      layout_rooms
D:3:      layout_rooms, kennysheep_vampire_church

Skill      XL: |  1  2  3  4 |
---------------+-------------+-----
Fighting       | 4 |  4.2
Maces & Flails | 3 |  3.4
Armour         | 4 |  4.1
Shields        | 4 |  4.1

Action                   |  1- 3 |  4- 6 || total
-------------------------+-------+-------++-------
Melee: Flail             |   112 |   159 ||   271
  Use: Scroll            |     4 |       ||     4
Armor: Scale mail        |    43 |    86 ||   129
       Ring mail         |       |    12 ||    12
Dodge: Dodged            |    33 |    66 ||    99
Block: Kite shield       |    55 |   103 ||   158
